 Dungeon Crawl Stone Soup version 0.25-a0-737-g26c3a87c45 (webtiles) character file.

Game seed: 4565762042625874304, levelgen mode: deterministic

110 MisterFreud the Skirmisher (level 4, -4/22 HPs)
             Began as a Felid Enchanter on Apr 12, 2020.
             Killed by nerve-wracking pain
             ... invoked by an orc priest
              (12 damage)
             ... on level 4 of the Dungeon.
             The game lasted 00:08:44 (4159 turns).

MisterFreud the Skirmisher (Felid Enchanter)        Turns: 4159, Time: 00:08:46

Health: -4/22      AC:  1    Str:  5    XL:     4   Next: 61%
Magic:  4/8        EV: 18    Int: 16    God:
Gold:   209        SH:  0    Dex: 16    Spells: 1/7 levels left
                                        Lives:  0   Deaths: 1

rFire    . . .     SeeInvis +     - Unarmed
rCold    . . .     Gourm    .   (shield unavailable)
rNeg     . . .     Faith    .   (armour unavailable)
rPois    .         Spirit   .   (helmet unavailable)
rElec    .         Reflect  .   (cloak unavailable)
rCorr    .         Harm     .   (gloves unavailable)
MR       .....                  (boots unavailable)
Stlth    +++.......             (no amulet)
HPRegen  0.07/turn              (no ring)
MPRegen  0.11/turn              (no ring)

@: very slightly contaminated, quick
A: very small, no armour, no weapons or thrown items, stealth, claws 1, fangs 3,
see invisible, carnivore, speed 1, shaggy fur 1, slow metabolism 1, sharp paws
a: no special abilities


You were on level 4 of the Dungeon.
You were not hungry.

You visited 1 branch of the dungeon, and saw 5 of its levels.

You collected 209 gold pieces.

Inventory:

Wands
 o - a wand of flame (14)
Scrolls
 a - a scroll of fear {unknown}
 d - 4 scrolls of remove curse {unknown}
 f - a scroll of teleportation {unknown}
 h - a scroll of immolation {unknown}
 i - a scroll of magic mapping {unknown}
 l - a scroll of identify
 m - a scroll of noise {unknown}
Potions
 e - a potion of mutation {unknown}
 g - a potion of heal wounds {unknown}
 j - a potion of curing
 k - 2 potions of haste {unknown}
 n - a potion of might {unknown}
Comestibles
 b - 6 rations


   Skills:
 - Level 4.6 Fighting
 - Level 2.6 Dodging
 - Level 4.0 Stealth
 + Level 1.7 Unarmed Combat
 - Level 2.0 Spellcasting
 - Level 4.4 Hexes


You had one spell level left.
You knew the following spells:

 Your Spells              Type           Power        Failure   Level  Hunger
a - Corona                Hex            ###....      3%          1    #......
b - Ensorcelled Hibernat  Hex/Ice        #.....       13%         2    ###....
c - Confusing Touch       Hex            ###.....     11%         3    ###....

Your spell library contained the following spells:

 Spells                   Type           Power        Failure   Level  Hunger
 Tukima's Dance           Hex            ###.....     11%         3    ###....
 Dazzling Flash           Conj/Hex       #.....       26%         3    ###....


Dungeon Overview and Level Annotations

Branches:
Dungeon (5/15)
 Temple: D:4-7

Altars:
Fedhas


Innate Abilities, Weirdness & Mutations

You cannot wear armour.
You are incapable of wielding weapons or throwing items.
Your paws allow you to move quietly. (Stealth)
You have sharp claws.
You have razor-sharp teeth.
You have supernaturally acute eyesight. (SInv)
You are carnivorous and can eat meat at any time.
You cover ground quickly.
You are covered in fur. (AC +1)
You have a slow metabolism.
Your sharp claws are effective at attacking unaware monsters.


Message History

You are very lightly contaminated with residual magic.
The light around you dims momentarily.
The orc priest calls down the wrath of Beogh upon you.
Beogh smites you!
Ouch! That really hurt!
Casting: Ensorcelled Hibernation (safe; 13% risk of failure)
Confirm with . or Enter, or press ? or * to list all spells.
Aiming: Ensorcelled Hibernation (safe; 13% risk of failure)
Press: ? - help, Shift-Dir - straight line, f/p - orc priest
Aim: an orc priest, wielding a +0 club (chance to defeat MR: 39%)
The orc priest looks drowsy...
You are too injured to fight recklessly!
You are too injured to fight recklessly!
You pounce on the unaware helpless orc priest!
You claw the orc priest!
The orc priest is almost dead.
The orc priest invokes the aid of Beogh against you.
Pain shoots through your body!
Ouch! That really hurt!
You die... ######## #......# #......# . #.>....# .. #......# .o. ###@.....# ooo.

##.o......#
#...###..##......#
# #...#.###......#
#.# #...# #......#
.. #..## #......#
#.... ......# ##.
#.##.# ......# ...
#. .# #..#


You could see an orc priest.

Vanquished Creatures
  A scorpion (D:5)
  A worker ant (D:5)
  A hound zombie (D:3)
  An adder (D:2)
  A dart slug (D:2)
  3 leopard geckos
  3 orcs (D:3)
  3 ball pythons
  3 bats
  2 giant cockroaches
  10 goblins
  6 hobgoblins
  5 kobolds
  5 frilled lizards
  6 rats
51 creatures vanquished.

Notes
Turn   | Place    | Note
-------+----------+-------------------------------------------
     0 | D:1      | MisterFreud the Felid Enchanter began the quest for the
                  | Orb.
     0 | D:1      | Reached XP level 1. HP: 7/7 MP: 4/4
   634 | D:1      | Reached skill level 1 in Fighting
   657 | D:1      | You fall into a shaft and drop 1 floor!
   724 | D:2      | Reached XP level 2. HP: 4/13 MP: 4/6
   936 | D:2      | Learned a level 2 spell: Ensorcelled Hibernation
  1582 | D:1      | Reached XP level 3. HP: 16/16 MP: 7/7
  2965 | D:3      | Reached XP level 4. HP: 10/22 MP: 8/8
  3129 | D:3      | Learned a level 3 spell: Confusing Touch
  3677 | D:4      | Noticed an ogre
  3779 | D:4      | Noticed an ogre
  3822 | D:5      | Entered Level 5 of the Dungeon
  3822 | D:5      | Noticed an ogre
  3828 | D:5      | Noticed a centaur
  3869 | D:5      | Shot with an arrow by a centaur
  3870 | D:5      | Reached XP level 3. HP: -5/18 MP: 7/7
  3870 | D:5      | Found a blossoming altar of Fedhas.
  3889 | D:5      | Noticed a scorpion
  3925 | D:5      | Killed a scorpion
  3925 | D:5      | Reached XP level 4. HP: 22/22 MP: 0/8
  4159 | D:4      | Killed from afar by an orc priest

Levels and vault maps discovered:
D:1:      matt_arrival_grand_opening, layout_basic
D:2:      layout_basic, first_ration
D:3:      layout_loops_ring
D:4:      layout_rooms, zin_statuary, grunt_temple_overflow_octagram,
          kennysheep_generic_room_5
D:5:      layout_basic, ebering_ghost_disaster_area, grunt_decor_one_mirror,
          fedhas_altar_4, uniq_prince_ribbit1

Skill      XL: |  1  2  3 |
---------------+----------+-----
Fighting       | 1 2 4 |  4.6
Dodging        | |  2.6
Stealth        | |  4.0
Unarmed Combat | |  1.7
Spellcasting   | |  2.0
Hexes          | |  4.4

Action                   |  1- 3 |  4- 6 || total
-------------------------+-------+-------++-------
Melee: Unarmed           |   120 |    35 ||   155
       Bite              |    10 |     3 ||    13
 Cast: Corona            |     5 |       ||     5
       Ensorcelled Hiber |    17 |     9 ||    26
       Confusing Touch   |     1 |     1 ||     2
  Use: Scroll            |       |     2 ||     2
       Potion            |       |     2 ||     2
 Stab: Sleeping          |    26 |     9 ||    35
       Confused          |     2 |     2 ||     4
  Eat: Chunk             |     9 |     4 ||    13
Armor: Skin              |     5 |     3 ||     8
Dodge: Dodged            |    91 |    37 ||   128

Table legend:
 A = Non-vault XP
 B = Vault XP
 C = Vault XP percentage of total XP
 D = Non-vault monster count
 E = Vault monster count
 F = Vault count percentage of total count
                 A         B        C        D         E       F
            +---------+---------+-------+---------+---------+-------
      Total |     224 |       0 |   0.0 |      51 |       0 |   0.0
            +---------+---------+-------+---------+---------+-------
        D:1 |      20 |       0 |   0.0 |      13 |       0 |   0.0
        D:2 |      40 |       0 |   0.0 |      15 |       0 |   0.0
        D:3 |      57 |       0 |   0.0 |      19 |       0 |   0.0
        D:4 |       4 |       0 |   0.0 |       2 |       0 |   0.0
        D:5 |     103 |       0 |   0.0 |       2 |       0 |   0.0
            +---------+---------+-------+---------+---------+-------
